 Dungeon Crawl Stone Soup version 0.31-a0-949-g57150269e1 (webtiles) character file.

Game seed: 16083375526059682584

53292 sircluck the Brawler (level 14, -1/196 HPs)
             Began as a Troll Berserker on Oct 20, 2023.
             Was a High Priest of Trog.
             Slain by a slime creature (10 damage)
             ... summoned by an orange crystal statue
             ... in an ice cave on Oct 21, 2023.
             The game lasted 00:28:57 (13456 turns).

sircluck the Brawler (Troll Berserker)             Turns: 13456, Time: 00:28:57

Health: -1/196     AC: 27    Str: 38      XL:     14   Next: 30%
Magic:  0/13       EV:  1    Int:  0 (3)  God:    Trog [*****.]
Gold:   1290       SH:  0    Dex:  9      Spells: 13/13 levels left

rFire   . .          .
                       - Unarmed
rCold   . . .        (no shield)
rNeg    . . .        K - melded +0 troll leather armour
rPois   +            N - melded +2 hat
rElec   .            i - melded +0 cloak
rCorr   .            (gloves unavailable)
SInv    .            (boots unavailable)
Will    +....        m - amulet of the acrobat
Stlth   ++           v - +4 ring of slaying
HPRegen 1.32/turn    M - +6 ring of strength
MPRegen 0.13/turn

%: acrobat
@: tree-form, engulfed, slowed, lost intelligence, unable to read, very slow
A: stationary, stasis, torment immunity, boosted hp, large, unfitting armour,
(claws 3), regeneration 1, (shaggy fur 1), (tough skin 1)
a: Renounce Religion, Berserk, Trog's Hand, Brothers in Arms


You were in an ice cave.
You worshipped Trog.
Trog was extremely pleased with you.
You were a tree.
You visited 3 branches of the dungeon, and saw 17 of its levels.
You also visited: Ossuary, Gauntlet and Ice Cave.

You collected 1290 gold pieces.

Inventory:

Missiles
 S - 13 large rocks
 T - 3 throwing nets
Armour
 a - a +0 animal skin
 i - a +0 cloak (melded)
 p - the +2 robe of the Hall of Blades {rF- rCorr Dex+3}
   (You found it on level 6 of the Dungeon)

   Dex+3:     It affects your dexterity (+3).
   rF-:       It makes you vulnerable to fire.
   rCorr:     It protects you from acid and corrosion.
 w - +0 swamp dragon scales
 K - a +0 troll leather armour (melded)
 N - a +2 hat (melded)
Jewellery
 m - an amulet of the acrobat (around neck)
 v - a +4 ring of slaying (left branch)
 G - a ring of poison resistance
 J - a ring of magical power
 M - a +6 ring of strength (right branch)
 Q - a +4 ring of protection
 V - an amulet of magic regeneration
Wands
 r - a wand of iceblast (27)
 y - a wand of digging (1)
 R - a wand of paralysis (11)
 W - a wand of flame (5)
 X - a wand of mindburst (3)
Scrolls
 b - 3 scrolls of fog
 d - 4 scrolls of torment
 g - 13 scrolls of identify
 h - 11 scrolls of teleportation
 l - 2 scrolls of fear {unknown}
 s - 3 scrolls of enchant weapon {unknown}
 t - a scroll of acquirement {unknown}
 u - 2 scrolls of enchant armour {unknown}
 z - 6 scrolls of immolation
 B - a scroll of silence {unknown}
 C - 2 scrolls of poison
 H - 2 scrolls of revelation {unknown}
 I - a scroll of noise {unknown}
 L - a scroll of blinking {unknown}
 O - 3 scrolls of amnesia {unknown}
 P - a scroll of butterflies
 U - a scroll of vulnerability {unknown}
Potions
 c - 8 potions of haste
 e - 7 potions of curing
 f - 8 potions of lignification
 j - 3 potions of resistance {unknown}
 k - 6 potions of heal wounds {unknown}
 n - a potion of ambrosia {unknown}
 o - a potion of mutation {unknown}
 q - 2 potions of magic {unknown}
 x - 2 potions of degeneration {unknown}
 A - 3 potions of brilliance {unknown}
 D - 7 potions of attraction {unknown}
 E - 3 potions of might {unknown}
 F - 3 potions of enlightenment {unknown}


   Skills:
 + Level 6.4 Fighting
 * Level 9.7 Armour
 + Level 8.2 Dodging
 + Level 3.2 Stealth
 + Level 18.7 Unarmed Combat


You had 13 spell levels left.
You didn't know any spells.
Your spell library was empty.

Dungeon Overview and Level Annotations

Branches:
Dungeon (15/15)            Temple (1/1) D:5            Lair (0/5) D:10
    Orc (1/2) D:11         Vaults (0/5) D:14        Ossuary (visited)
  IceCv (1/1)             Gauntlet (visited)
 Depths: D:15

Altars:
Ashenzari
Cheibriados
Dithmenos
Elyvilon
Fedhas
Gozag
Hepliaklqana
Kikubaaqudgha
Makhleb
Nemelex Xobeh
Okawaru
Qazlal
Ru
Sif Muna
Trog
Uskayaw
Vehumet
Wu Jian
Xom
Yredelemnul
Zin
The Shining One

Shops:
D:4 :   D:10 *

Annotations:
D:15 exclusion: 2 ice statues IceCv exclusion: orange crystal statue


Innate Abilities, Weirdness & Mutations

You are a tree.
Your roots penetrate the ground, keeping you stationary.
You cannot be teleported.
You are immune to unholy pain and torment.
Your maximum health is greatly increased.
Your equipment is partially melded.
You are too large for most types of armour.
((You have claws for hands.))
Your natural rate of healing is unusually fast.
((You are covered in fur. (AC +1)))
((You have tough skin. (AC +1)))


Message History

The slime creature hits you.
* * * LOW HITPOINT WARNING * * *
The slime creature hits you but does no damage.
The slime creature hits you.
* * * LOW HITPOINT WARNING * * *
You feel better. The quicksilver ooze hits you.
The quicksilver ooze hits you but does no damage.
The quicksilver ooze hits you!
* * * LOW HITPOINT WARNING * * *
The quicksilver ooze hits you.
* * * LOW HITPOINT WARNING * * *
The slime creature hits you but does no damage.
The slime creature completely misses you.
Two slime creatures merge to form a large slime creature.
Unknown command.
You closely miss the quicksilver ooze. Your punch misses the quicksilver ooze.
The quicksilver ooze is lightly wounded.
The quicksilver ooze hits you.
The quicksilver ooze hits you but does no damage.
The slime creature hits you but does no damage.
The large slime creature hits you!
* * * LOW HITPOINT WARNING * * *
The slime creature hits you.
* * * LOW HITPOINT WARNING * * *
The orange crystal statue glitters.
You easily resist.
The quicksilver ooze hits you.
The quicksilver ooze hits you but does no damage.
Unknown command.
You feel better. The quicksilver ooze hits you.
The quicksilver ooze hits you but does no damage.
The slime creature hits you but does no damage.
The large slime creature completely misses you.
The slime creature hits you but does no damage.
The orange crystal statue fixes its piercing gaze on you.
Something tries to feed on your intellect!
The quicksilver ooze hits you.
The quicksilver ooze hits you but does no damage.
The slime creature hits you but does no damage.
The slime creature hits you!
You die...

##### #### ##...##
##..8## ##.....#
##.....# #......##
#......## #.......#
#JJ.....# ##.......#
##♣JZ....#
##....#...###..J#.#...#
#...#.##..##....#.# ..#
##..##.##..##....# # #
#..##)[##..##...##
#..#.[[#...##...#
##.##..##.......##
#..##..#....##..#
#..#..##..####..#


You could see an orange crystal statue, a large slime creature (summoned), 2
slime creatures, a quicksilver ooze (summoned) and a great orb of eyes
simulacrum (summoned).

Vanquished Creatures
  Rupert (D:13)
  3 quicksilver oozes (IceCv)
  A minotaur (Gauntlet)
  Erolcha (D:11)
  3 hydras
  2 ogre magi
  4 centaur warriors
  Harold (D:11)
  A boulder beetle (D:14)
  12 two-headed ogres
  An occultist (Gauntlet)
  A fire crab (Gauntlet)
  The ghost of wireframewife the Covert, a novice FeSh of Makhleb (D:8)
  2 arcanists
  A necromancer (Gauntlet)
  2 orc knights
  2 deep elf pyromancers (D:15)
  A deep elf zephyrmancer (D:14)
  6 ugly things
  2 manticores
  4 cyclopes
  Maurice (D:13)
  4 gargoyles
  Maggie (D:7)
  4 unseen horrors
  A yaktaur (shapeshifter) (D:14)
  An efreet (D:15)
  A minotaur zombie (Gauntlet)
  4 yaktaurs (D:14)
  5 trolls
  3 meliai (D:13)
  A hornet (D:10)
  23 slime creatures
  2 wraiths (D:10)
  A shadow (D:10)
  A human (shapeshifter) (D:14)
  2 wyverns (D:8)
  A vampire (D:10)
  Grum (D:10)
  30 yaks
  2 fire bats (Gauntlet)
  2 steam dragons
  11 vampire mosquitoes
  A warg (D:11)
  3 acid dragons
  Edmund (D:4)
  2 water moccasins
  3 great orb of eyes simulacra (IceCv)
  7 orc warriors
  2 black bears
  8 ogres
  3 centaurs
  7 wolves
  2 phantoms
  4 slime creature simulacra (IceCv)
  2 kobold brigands
  3 gnoll sergeants
  2 bullfrogs (D:7)
  4 glowing shapeshifter simulacra (IceCv)
  3 scorpions
  A water moccasin zombie (Ossuary)
  4 wights
  6 killer bees
  2 howler monkeys
  A centaur zombie (Ossuary)
  3 jellies
  6 orc priests
  5 hounds
  Crazy Yiuf (D:2)
  3 iguanas (D:5)
  Ijyb (D:5)
  11 orc wizards
  2 scorpion zombies (Ossuary)
  2 lightning spires (Gauntlet)
  A mummy (Ossuary)
  15 gnolls
  5 adders
  3 shadow imps
  3 white imps (Gauntlet)
  4 ufetubi
  3 worms
  An adder zombie (Ossuary)
  4 dart slugs
  34 orcs
  6 endoplasms
  4 giant cockroaches
  2 gnoll zombies (Ossuary)
  6 goblins
  8 hobgoblins
  4 jackals (D:4)
  17 kobolds
  5 quokkas
  12 ball pythons
  2 bats
  2 frilled lizards
  2 goblin zombies (Ossuary)
  3 hobgoblin zombies (Ossuary)
  5 orc zombies (Ossuary)
  3 rats (D:1)
413 creatures vanquished.

Vanquished Creatures (collateral kills)
  A troll (D:10)
  2 raiju (Gauntlet)
  A yak (D:10)
  An acid dragon (D:10)
  An orc warrior (D:10)
  A kobold brigand (D:10)
  A killer bee (D:10)
  An orc wizard (D:10)
9 creatures vanquished.

Vanquished Creatures (others)
  An orc priest (D:9)
  An orc wizard (Orc:1)
2 creatures vanquished.

Grand Total: 424 creatures vanquished

Notes
Turn   | Place    | Note
-------+----------+-------------------------------------------
     0 | D:1      | sircluck the Troll Berserker began the quest for the Orb.
     0 | D:1      | Reached XP level 1. HP: 22/22 MP: 0/0
     0 | D:1      | Upgraded the game from 0.31-a0-940-gdaa99269f9 to
                  | 0.31-a0-949-g57150269e1
    94 | D:1      | Reached XP level 2. HP: 29/29 MP: 1/1
   256 | D:1      | Found a faded altar of an unknown god.
   311 | D:1      | Reached XP level 3. HP: 29/35 MP: 2/2
   479 | D:1      | Reached ** piety under Trog
   773 | D:2      | Reached skill level 4 in Unarmed Combat
   786 | D:2      | Found a glowing golden altar of the Shining One.
  1002 | D:2      | Reached XP level 4. HP: 44/44 MP: 3/3
  1056 | D:2      | Found a runed translucent door.
  1057 | D:2      | Noticed Crazy Yiuf
  1459 | D:2      | Killed Crazy Yiuf
  1558 | D:3      | Reached XP level 5. HP: 19/52 MP: 4/4
  1719 | D:3      | Reached *** piety under Trog
  1804 | D:3      | Reached skill level 5 in Unarmed Combat
  2047 | D:3      | Found a broken altar of Ashenzari.
  2340 | D:4      | Noticed Edmund
  2352 | D:4      | Killed Edmund
  2353 | D:4      | Reached XP level 6. HP: 38/61 MP: 5/5
  2422 | D:4      | Reached skill level 6 in Unarmed Combat
  2601 | D:4      | Found Wuung's Tremendous Tomes.
  2903 | D:4      | Found a glowing silver altar of Zin.
  3001 | D:5      | Entered Level 5 of the Dungeon
  3001 | D:5      | Noticed an acid dragon
  3057 | D:4      | Reached XP level 7. HP: 49/67 MP: 6/6
  3097 | D:4      | Reached skill level 7 in Unarmed Combat
  3249 | D:5      | You fall into a shaft and drop 1 floor!
  3273 | D:6      | Reached skill level 1 in Stealth
  3273 | D:6      | Reached XP level 8. HP: 75/75 MP: 7/7
  3297 | D:6      | Reached skill level 8 in Unarmed Combat
  3334 | D:6      | Found a snail-covered altar of Cheibriados.
  3413 | D:6      | Identified the +2 robe of the Hall of Blades {rF- rCorr
                  | Dex+3}
  3500 | D:6      | Reached **** piety under Trog
  3807 | D:5      | Noticed Ijyb
  3817 | D:5      | Killed Ijyb
  3829 | D:5      | Reached skill level 9 in Unarmed Combat
  4042 | D:5      | Found a staircase to the Ecumenical Temple.
  4051 | Temple   | Entered the Ecumenical Temple
  4284 | D:7      | Noticed Maggie
  4295 | D:7      | Killed Maggie
  4296 | D:7      | Reached skill level 5 in Dodging
  4296 | D:7      | Reached XP level 9. HP: 65/84 MP: 8/8
  4342 | D:7      | Reached skill level 10 in Unarmed Combat
  4383 | D:7      | Reached skill level 1 in Armour
  4463 | D:7      | Found a hide-covered altar of Uskayaw.
  4595 | D:7      | Found a sparkling altar of Nemelex Xobeh.
  4699 | D:8      | Found a sand-covered staircase.
  4705 | Ossuary  | Entered an ossuary
  4741 | Ossuary  | Reached ***** piety under Trog
  4809 | Ossuary  | Noticed a silent spectre
  5032 | D:8      | Reached skill level 11 in Unarmed Combat
  5183 | D:8      | Noticed wireframewife's ghost (novice FeSh)
  5191 | D:8      | Found a runed translucent door.
  5269 | D:8      | Reached XP level 10. HP: 94/94 MP: 9/9
  5570 | D:8      | Killed wireframewife's ghost
  5735 | D:9      | Reached skill level 12 in Unarmed Combat
  5762 | D:10     | Entered Level 10 of the Dungeon
  5898 | D:9      | Found a shimmering altar of Xom.
  6255 | D:9      | Noticed a two-headed ogre
  6263 | D:9      | Killed a two-headed ogre
  6495 | D:10     | Noticed a two-headed ogre
  6501 | D:10     | Killed a two-headed ogre
  6502 | D:10     | Reached skill level 5 in Armour
  6502 | D:10     | Reached skill level 13 in Unarmed Combat
  6557 | D:10     | Found a staircase to the Lair.
  6567 | D:10     | Found a shadowy altar of Dithmenos.
  6677 | D:10     | Identified the +3 giant club "Hexios Ritu" {heavy, *Rage
                  | rF+ Will+ Dex+3} (Trog gifted it to you on level 10 of the
                  | Dungeon)
  6677 | D:10     | Received a gift from Trog
  6741 | D:10     | Reached XP level 11. HP: 92/101 MP: 10/10
  6744 | D:10     | Noticed a two-headed ogre
  6746 | D:10     | Killed a two-headed ogre
  6750 | D:10     | Noticed a two-headed ogre
  6758 | D:10     | Killed a two-headed ogre
  6768 | D:10     | Noticed Grum
  6943 | D:10     | Noticed a green ugly thing
  6949 | D:10     | Killed a green ugly thing
  6950 | D:10     | Reached skill level 14 in Unarmed Combat
  7004 | D:10     | Noticed a centaur warrior
  7016 | D:10     | Killed a centaur warrior
  7320 | D:10     | Found Hoas Pao's Fire Supplies.
  7624 | D:10     | Killed Grum
  7781 | D:11     | Found the +5 scythe "Finisher" {speed, execute}
  7935 | D:11     | Noticed a two-headed ogre
  7947 | D:11     | Killed a two-headed ogre
  7948 | D:11     | Reached XP level 12. HP: 55/109 MP: 11/11
  7999 | D:11     | Identified the +1 short sword "Cemie" {vamp, rF+ Will+}
  8046 | D:11     | Noticed Erolcha
  8156 | D:11     | Killed Erolcha
  8312 | D:11     | Reached skill level 15 in Unarmed Combat
  8429 | D:11     | Noticed a two-headed ogre
  8435 | D:11     | Killed a two-headed ogre
  8482 | D:11     | Found a staircase to the Orcish Mines.
  8492 | IceCv    | Identified the of Roobea
  8492 | Lair:5   | Identified the "Ycis"
  8492 | Orc:1    | Entered Level 1 of the Orcish Mines
  8514 | D:11     | Reached skill level 5 in Fighting
  8678 | Orc:1    | Found a runed translucent door.
  9052 | D:11     | Noticed Harold
  9083 | D:11     | Killed Harold
  9398 | D:14     | Reached skill level 16 in Unarmed Combat
  9554 | D:14     | Found a gate leading to a gauntlet.
  9559 | Gauntlet | Entered a Gauntlet
  9559 | Gauntlet | Found a transporter.
  9565 | Gauntlet | Found a transporter.
  9569 | Gauntlet | Found a transporter.
  9577 | Gauntlet | Found a transporter.
  9581 | Gauntlet | Found a transporter.
  9589 | Gauntlet | Found a transporter.
  9593 | Gauntlet | Found a transporter.
  9605 | Gauntlet | Found a transporter.
  9605 | Gauntlet | Found a transporter.
  9613 | Gauntlet | Found a transporter.
  9638 | Gauntlet | Found a transporter.
  9642 | Gauntlet | Found a runed translucent door.
  9650 | Gauntlet | Found a transporter.
  9662 | Gauntlet | Found a transporter.
  9674 | Gauntlet | Found a transporter.
  9994 | Gauntlet | Reached ****** piety under Trog
 10216 | Gauntlet | Found the +6 arbalest "Damnation" {damnation}
 10216 | Gauntlet | Identified the +4 glaive "Wuzoq" {vamp, rC+ Str+3 Int-2}
 10216 | Gauntlet | Noticed a minotaur
 10222 | Gauntlet | Killed a minotaur
 10223 | Gauntlet | Reached XP level 13. HP: 119/119 MP: 12/12
 10684 | D:13     | Reached skill level 17 in Unarmed Combat
 10732 | D:13     | Noticed Maurice
 10738 | D:13     | Killed Maurice
 10848 | D:13     | Found an iron altar of Okawaru.
 11417 | D:12     | Received a gift from Trog
 11750 | D:13     | Noticed Rupert
 11755 | D:13     | Paralysed by Rupert for 2 turns
 11760 | D:13     | Killed Rupert
 12400 | D:14     | Reached skill level 18 in Unarmed Combat
 12425 | D:14     | Found a gate to the Vaults.
 12681 | D:15     | Entered Level 15 of the Dungeon
 12771 | D:15     | Reached XP level 14. HP: 126/130 MP: 13/13
 12871 | D:15     | Found a frozen archway.
 12880 | IceCv    | Entered an ice cave
 13106 | IceCv    | Noticed a quicksilver ooze
 13115 | IceCv    | Killed a quicksilver ooze
 13340 | IceCv    | Noticed a quicksilver ooze
 13343 | IceCv    | Killed a quicksilver ooze
 13423 | IceCv    | Noticed a quicksilver ooze
 13430 | IceCv    | Killed a quicksilver ooze
 13444 | IceCv    | Noticed a quicksilver ooze
 13445 | IceCv    | Lost intelligence.
 13455 | IceCv    | HP: 3/196 [large slime creature[an orange crystal statue]
                  | (8)]
 13456 | IceCv    | Slain by a slime creature

Illustrated notes

Levels and vault maps discovered:
D:1:      erik_arrival_cave_to_civilisation [erik_arrival_cave_to_hall],
          layout_rooms, hellmonk_ecumenical_altar_prayer_group, st_stairs_10,
          nicolae_figureground_sparkle
D:2:      layout_loops_ring, basic_altar, uniq_crazy_yiuf_cottage
D:3:      layout_basic, ashenzari_altar_1, dk_noncrumbling_2
D:4:      layout_loops_ring, zin_treasury, nicolae_shop_i_like_big_books,
          uniq_edmund
D:5:      layout_rooms, minmay_temple_entry_proselytizer, eino_tiny_chamber,
          uniq_ijyb
D:6:      layout_cave_pools, nicolae_overflow_crystal_walls
D:7:      layout_cave_pools, eat_drink_and_be_merry_uskayaw,
          nemelex_xobeh_ov_fountains_minmay, uniq_maggie
D:8:      layout_basic, hellmonk_ghost_happy_afterlife, enter_ossuary_1
D:9:      layout_basic, mainiacjoe_overflow_catwalk
D:10:     minmay_imperfect_grid, layout_loops_ring,
          nicolae_dithmenos_the_darkroom, wad_woods_river_04,
          nicolae_shop_fire_sale [nicolae_sub_dead_trees], uniq_grum
D:11:     layout_roguey, orc_0_dummy, uniq_erolcha, uniq_harold
D:12:     layout_irregular_city
D:13:     layout_irregular_city, okawaru_trees_2, uniq_maurice, uniq_rupert
D:14:     layout_grid_maze, david_vaults_2, gauntlet_entry_generic,
          grunt_decor_one_mirror
D:15:     grunt_enter_depths_hoard, layout_loops_corners,
          minmay_misc_feat_plants, portal_ice_cave_entry_ice_statue_two
Temple:   regret_index_temple_generic_petals
Orc:1:    layout_caves, basic_altar, lightli_church_of_beogh
IceCv:    ice_cave_hellmonk_azure_passage

Skill      XL: |  1  2  3  4  5  6  7  8  9 10 11 12 13 |
---------------+----------------------------------------+-----
Unarmed Combat | 4 5 6 7 9 11 13 14 16 18 | 18.7
Dodging        | 3 4 5 6 7 8 |  8.2
Fighting       | 3 4 5 6 |  6.4
Stealth        | 1 2 3 |  3.2
Armour         | 2 5 7 8 9 |  9.7

Action                     |  1- 3 |  4- 6 |  7- 9 | 10-12 | 13-15 || total
---------------------------+-------+-------+-------+-------+-------++-------
  Melee: Unarmed           |    97 |   120 |   213 |   437 |   222 ||  1089
         Punch             |     2 |     3 |     3 |    40 |    33 ||    81
 Invoke: Berserk           |       |       |     1 |     3 |     3 ||     7
         Brothers in Arms  |       |       |       |     2 |       ||     2
    Use: Scroll            |       |       |     4 |     5 |       ||     9
         Potion            |       |       |       |       |     4 ||     4
   Stab: Sleeping          |       |       |       |     1 |     1 ||     2
 Armour: Animal skin       |    42 |    71 |    37 |       |       ||   150
         Robe              |       |       |    33 |       |       ||    33
         Swamp dragon scal |       |       |    46 |   135 |       ||   181
         Troll leather arm |       |       |       |   208 |   178 ||   386
         Skin              |       |       |       |       |    30 ||    30
  Dodge: Dodged            |    45 |    50 |   129 |   242 |   130 ||   596

Table legend: (Time is in decaauts)
 A = Elapsed time spent in this place.
 B = Non-inter-level travel time spent in this place.
 C = Inter-level travel time spent in this place.
 D = Time resting spent in this place.
 E = Time spent auto-exploring this place.
 F = Levels seen in this place.
 G = Mean time per level.
                   A        B        C        D        E       F      G
               +--------+--------+--------+--------+--------+-----+--------+
         Total |  13314 |  12838 |    476 |   1658 |   7522 |  20 |  665.7 |
       Dungeon |  11410 |  10970 |    440 |    938 |   7280 |  15 |  760.7 |
        Temple |      1 |      1 |      0 |      0 |      0 |   1 |    1.0 |
  Orcish Mines |    324 |    288 |     36 |     16 |    104 |   1 |  324.0 |
       Ossuary |    145 |    145 |      0 |      0 |     34 |   1 |  145.0 |
      Ice Cave |    584 |    584 |      0 |    325 |     93 |   1 |  584.0 |
      Gauntlet |    848 |    848 |      0 |    378 |     11 |   1 |  848.0 |
               +--------+--------+--------+--------+--------+-----+--------+

Top non-repeatable levels by time:
    D:10: 1332 daAuts
    D:11: 1123 daAuts
    D:14: 917 daAuts
     D:9: 860 daAuts
Gauntlet: 848 daAuts
     D:4: 837 daAuts
    D:13: 810 daAuts
     D:3: 781 daAuts
     D:8: 758 daAuts
     D:1: 758 daAuts
     D:2: 758 daAuts
    D:12: 746 daAuts
     D:6: 626 daAuts
   IceCv: 584 daAuts
     D:5: 487 daAuts
